 Dungeon Crawl Stone Soup version 0.31-a0-16-g6d2539766c (webtiles) character file.

Game seed: 10185762055165284157

70 ytrimaz the Insei (level 4, -3/37 HPs)
             Began as a Meteoran Transmuter on May 8, 2023.
             Splashed by a jelly's acid (9 damage)
             ... on level 4 of the Dungeon.
             The game lasted 00:02:14 (1735 turns).

ytrimaz the Insei (Meteoran Transmuter)             Turns: 1735, Time: 00:02:15

Health: -3/37      AC: -4    Str: 14    XL:     4   Next: 74%
Magic:  9/9        EV: 11    Int: 14    God:
Gold:   168        SH:  0    Dex: 14    Spells: 5/8 levels left

rFire   . . .        d - +0 hand axe
rCold   + . .        (no shield)
rNeg    . . .        v - +0 ring mail
rPois   +            (no helmet)
rElec   .            (no cloak)
rCorr   .            p - +2 pair of gloves
SInv    .            (no boots)
Will    .....        (no amulet)
Stlth   +            i - ring of poison resistance
HPRegen 0.26/turn    q - ring of protection from cold
MPRegen 0.11/turn

%: no passive effects
@: corroded, glowing
A: sense surroundings 1, otherworldly, glowing, explore regen
a: no special abilities


You were on level 4 of the Dungeon.
You visited 1 branch of the dungeon, and saw 4 of its levels.

You collected 168 gold pieces.


Innate Abilities, Weirdness & Mutations

You passively map a small area around you.
You are easily found by Zot.
You glow in the dark.
You regain HP and MP as you explore.


   Skills:
 + Level 2.5 Fighting
 + Level 2.2 Axes
 - Level 2.4 Dodging
 - Level 3.6 Unarmed Combat
 - Level 2.9 Spellcasting
 + Level 3.5 Transmutations


You had 5 spell levels left.
You knew the following spells:

 Your Spells              Type           Power      Damage    Failure   Level
a - Beastly Appendage     Tmut           24%        N/A       11%         1
b - Wereblood             Tmut           12%        N/A       16%         2

Your spell library contained the following spells:

 Spells                   Type           Power      Damage    Failure   Level
 Spider Form              Tmut/Pois      7%         N/A       54%         3
 Summon Guardian Golem    Hex/Summ       2%         N/A       80%         3
 Ice Form                 Ice/Tmut       7%         N/A       91%         4
 Orb of Destruction       Conj           1%         9d5       100%        7
 Spellforged Servitor     Conj/Summ      1%         N/A       100%        7

Inventory:

Hand Weapons
 d - a +0 hand axe (weapon)
   (You found it on level 1 of the Dungeon)
Armour
 a - a +0 robe
 p - a +2 pair of gloves (worn)
   (You found it on level 3 of the Dungeon)
 u - a +0 leather armour
   (You found it on level 3 of the Dungeon)
 v - a +0 ring mail (worn)
   (You found it on level 3 of the Dungeon)
Jewellery
 i - a ring of poison resistance (left hand)
   (You found it on level 2 of the Dungeon)
 q - a ring of protection from cold (right hand)
   (You found it on level 3 of the Dungeon)
 s - an amulet of faith
   (You found it on level 3 of the Dungeon)
Scrolls
 e - a scroll of enchant armour {unknown}
 h - 3 scrolls of fog {unknown}
 k - a scroll of identify {unknown}
 l - a scroll of teleportation {unknown}
 m - a scroll of enchant weapon {unknown}
 o - a scroll of summoning {unknown}
 r - a scroll of magic mapping {unknown}
Potions
 b - a potion of heal wounds {unknown}
 c - 2 potions of flight {unknown}
 f - 3 potions of brilliance {unknown}
 g - a potion of cancellation {unknown}
 j - a potion of resistance {unknown}
 n - a potion of berserk rage {unknown}
 t - a potion of lignification

Dungeon Overview and Level Annotations

Branches:
Dungeon (4/15) Zot: 638
 Temple: D:4-7

Altars:

Shops:
D:2

: , * * ## * ,
.. * , #.*, *,
, , , #. * #. *
, * #.#.##, *
#.#.J# ,
###.#.@#######
, ,
#........!....
, ,,
#......#######
, , , #......#
* , #+##......#
* * #.##......#
#####.#######.#
, #....<..# #.#
* , #.#####.#
#.#


You could see a jelly.


Message History

You barely miss the worm. The worm bites you! 😕 HP[-8]
You take 8 damage, and now have 29/37 hp.
MASSIVE DAMAGE!! (PAUSE)
You barely miss the worm. You hit the worm.
The worm barely misses you. 😕 HP[+1]
You hit the worm but do no damage. The worm closely misses you.
You hit the worm.
Unknown command.
You barely miss the worm. The worm bites you! 😮 HP[-7]
You take 7 damage, and now have 23/37 hp.
You are too injured to fight recklessly!
You hit the worm. The worm bites you. 😮 HP[-4]
You take 4 damage, and now have 19/37 hp.
You are too injured to fight recklessly!
You hit the worm.
You are too injured to fight recklessly!
You barely miss the worm. Your punch misses the worm.
The worm barely misses you. 😮 HP[+1]
You hit the worm. The worm bites you but does no damage.
You barely miss the worm. The worm bites you.
* * * LOW HITPOINT WARNING * * *
😨 HP[-2]
You take 2 damage, and now have 18/37 hp.
Unknown command.
You hit the worm but do no damage. You hit the worm.
The worm barely misses you. 😮 HP[+1]
You barely miss the worm. You punch the worm. The worm bites you!
* * * LOW HITPOINT WARNING * * *
😨 HP[-7]
You take 7 damage, and now have 12/37 hp.
You barely miss the worm.
Unknown command.
You slash the worm!
You kill the worm! 😨 HP[+1] 😨 HP[+1]
You see here a +0 ring mail. 😨 HP[+1]
v - a +0 ring mail You start waiting. 😎 HP[+22]
Your hp is fully restored (37).
Unknown command.
There is an open door here.
You have lingered too long.
Zot senses you.
Dive deeper or flee this branch before you suffer!
There is a stone staircase leading down here.
You climb downwards.
As you enter the new level, Zot loses track of you.
There is a stone staircase leading up here.
Unknown command.
You start removing your armour.
You continue taking off your +0 robe. x4
You finish taking off your +0 robe.
You start putting on your armour.
You continue putting on your +0 ring mail. x5
You finish putting on your +0 ring mail.
Unknown command.
Casting: Wereblood (safe; 16% risk of failure)
Confirm with . or Enter, or press ? or * to list all spells.
Okay, then.
Unknown command.
There is a stone staircase leading up here.
Found a stone staircase leading up.
Key pressed, stopping explore.
A jelly comes into view.
The jelly quivers.
A jelly is nearby!
A jelly is nearby!
A jelly is nearby!
Casting: Wereblood (safe; 16% risk of failure)
Press: ? - help, Q - select action, (/) - cycle Dir - look around, f - activate
Okay, then.
Unknown command.
The jelly hits you but does no damage.
You barely miss the jelly. The jelly hits you.
You are splashed with acid! 😕 HP[-9]
You take 9 damage, and now have 28/37 hp.
MASSIVE DAMAGE!! (PAUSE)
You hit the jelly.
Your hands burn!
The jelly hits you but does no damage. 😮 HP[-2]
You take 2 damage, and now have 26/37 hp.
You hit the jelly. The acid corrodes you!
Your hands burn!
The jelly hits you. The acid corrodes you!
You are splashed with acid!
* * * LOW HITPOINT WARNING * * *
😱 HP[-17]
You take 17 damage, and now have 9/37 hp.
MASSIVE DAMAGE!! (PAUSE)
You hit the jelly.
Your hands burn!
* * * LOW HITPOINT WARNING * * *
The jelly misses you.
Unknown command.
The jelly attacks as you move away! The jelly hits you.
* * * LOW HITPOINT WARNING * * *
The acid corrodes you!
You are splashed with acid!
You die...

Skill      XL: |  1  2  3  4 |
---------------+-------------+-----
Axes           | 1 2 |  2.2
Transmutations | 3 |  3.5
Fighting       | 2 |  2.5
Dodging        | |  2.4
Unarmed Combat | |  3.6
Spellcasting   | |  2.9

Action                     |  1- 3 |  4- 6 || total
---------------------------+-------+-------++-------
  Melee: Hand axe          |    66 |    58 ||   124
         Unarmed           |     3 |       ||     3
         Punch             |     3 |     1 ||     4
   Cast: Wereblood         |     3 |       ||     3
    Use: Potion            |     1 |       ||     1
 Armour: Robe              |    14 |    15 ||    29
         Skin              |     2 |     3 ||     5
         Ring mail         |       |     2 ||     2
  Dodge: Dodged            |    44 |    20 ||    64

Levels and vault maps discovered:
D:1:      dpeg_arrival_boxes_within_box, layout_basic, minivault_19
D:2:      layout_loops_ring, nicolae_shop_vocational
D:3:      layout_basic
D:4:      layout_basic

Notes
Turn   | Place    | Note
-------+----------+-------------------------------------------
     0 | D:1      | ytrimaz the Meteoran Transmuter began the quest for the
                  | Orb.
     0 | D:1      | Reached XP level 1. HP: 16/16 MP: 5/5
     0 | D:1      | magus.rc [v1.9.6]
   178 | D:1      | Reached XP level 2. HP: 23/23 MP: 6/6
   183 | D:1      | Learned a level 2 spell: Wereblood
   492 | D:1      | Glimpsed the power of Zot.
   542 | D:1      | Glimpsed the power of Zot.
   562 | D:2      | Reached skill level 1 in Axes
   562 | D:2      | Reached skill level 3 in Transmutations
   562 | D:2      | Reached XP level 3. HP: 29/29 MP: 5/8
   630 | D:2      | Reached skill level 2 in Fighting
  1088 | D:2      | Glimpsed the power of Zot.
  1101 | D:2      | Found Vext's Vocational Training.
  1137 | D:3      | HP: 6/29 [adder (2)]
  1138 | D:3      | HP: 2/29 [adder (2)]
  1147 | D:3      | Reached XP level 4. HP: 13/36 MP: 9/9
  1288 | D:3      | Reached skill level 2 in Axes
  1434 | D:3      | You pick up a book of Dangerous Friends and begin
                  | reading...
  1434 | D:3      | You add the spells Summon Guardian Golem, Orb of
                  | Destruction and Spellforged Servitor to your library.
  1673 | D:3      | Glimpsed the power of Zot.
  1733 | D:4      | HP: 9/37 [acid (10)]
  1735 | D:4      | Splashed by a jelly's acid

Vanquished Creatures
  3 adders
  4 worms
  2 ball pythons (D:3)
  2 bats
  2 endoplasms (D:1)
  4 goblins
  3 hobgoblins (D:3)
  5 kobolds
  A quokka (D:1)
  2 frilled lizards (D:3)
  4 rats
32 creatures vanquished.

Table legend:
 A = Non-vault XP
 B = Vault XP
 C = Vault XP percentage of total XP
 D = Non-vault monster count
 E = Vault monster count
 F = Vault count percentage of total count
                 A         B        C        D         E       F
            +---------+---------+-------+---------+---------+-------
      Total |     101 |       0 |   0.0 |      32 |       0 |   0.0
            +---------+---------+-------+---------+---------+-------
        D:1 |      18 |       0 |   0.0 |      10 |       0 |   0.0
        D:2 |      23 |       0 |   0.0 |       5 |       0 |   0.0
        D:3 |      60 |       0 |   0.0 |      17 |       0 |   0.0
            +---------+---------+-------+---------+---------+-------

Skill      XL: |  1  2  3  4 |
---------------+-------------+-----
Axes           | 1 2 |  2.2
Transmutations | 3 |  3.5
Fighting       | 2 |  2.5
Dodging        | |  2.4
Unarmed Combat | |  3.6
Spellcasting   | |  2.9

Action                     |  1- 3 |  4- 6 || total
---------------------------+-------+-------++-------
  Melee: Hand axe          |    66 |    58 ||   124
         Unarmed           |     3 |       ||     3
         Punch             |     3 |     1 ||     4
   Cast: Wereblood         |     3 |       ||     3
    Use: Potion            |     1 |       ||     1
 Armour: Robe              |    14 |    15 ||    29
         Skin              |     2 |     3 ||     5
         Ring mail         |       |     2 ||     2
  Dodge: Dodged            |    44 |    20 ||    64

Illustrated notes

Table legend:
 A = Kills in this place as a percentage of kills in the entire game.
 B = Kills by you in this place as a percentage of kills by you in the entire game.
 C = Kills by friends in this place as a percentage of kills by friends in the entire game.
 D = Other kills in this place as a percentage of other kills in the entire game.
 E = Experience gained in this place as a percentage of experience gained in the entire game.
 F = Experience gained in this place divided by the number of levels of this place that you have seen.
                   A       B       C       D       E      F
               +-------+-------+-------+-------+-------+----------------------
         Total | 100.0 | 100.0 |   N/A |   N/A | 100.0 |  25.2
       Dungeon | 100.0 | 100.0 |   N/A |   N/A | 100.0 |  25.2
               +-------+-------+-------+-------+-------+----------------------

Table legend: (Time is in decaauts)
 A = Elapsed time spent in this place.
 B = Non-inter-level travel time spent in this place.
 C = Inter-level travel time spent in this place.
 D = Time resting spent in this place.
 E = Time spent auto-exploring this place.
 F = Levels seen in this place.
 G = Mean time per level.
                   A        B        C        D        E       F      G
               +--------+--------+--------+--------+--------+-----+--------+
         Total |   1761 |   1679 |     82 |     86 |   1219 |   4 |  440.2 |
       Dungeon |   1761 |   1679 |     82 |     86 |   1219 |   4 |  440.2 |
               +--------+--------+--------+--------+--------+-----+--------+

Top non-repeatable levels by time:
     D:3: 575 daAuts
     D:2: 567 daAuts
     D:1: 561 daAuts
     D:4: 57 daAuts
